 Dungeon Crawl Stone Soup version 0.28-a0-1412-gf95308ed99 (webtiles) character file.

Game seed: 6140563887069666724

2 parzival7114810 the Slasher (level 1, 0/14 HPs)
             Began as a Tengu Berserker on Jan 6, 2022.
             Was a Follower of Trog.
             Slain by a bat (1 damage)
             ... on level 1 of the Dungeon.
             The game lasted 00:00:40 (402 turns).

parzival7114810 the Slasher (Tengu Berserker)        Turns: 402, Time: 00:00:40

Health: 0/14       AC:  2    Str: 17    XL:     1   Next: 40%
Magic:  2/2        EV: 12    Int:  7    God:    Trog [*.....]
Gold:   0          SH:  0    Dex: 13    Spells: 0/0 levels left

rFire   . . .      SeeInvis .   a - +0 falchion
rCold   . . .      Faith    .   (no shield)
rNeg    . . .      Spirit   .   b - +0 animal skin
rPois   .          Reflect  .   (helmet restricted)
rElec   .          Harm     .   (no cloak)
rCorr   .          Rampage  .   (no gloves)
Will    .....                   (boots unavailable)
Stlth   +.........              (no amulet)
HPRegen 0.04/turn               (no ring)
MPRegen 0.08/turn               (no ring)

@: no status effects
A: beak, talons 3
a: Renounce Religion, Berserk


You were on level 1 of the Dungeon.
You worshipped Trog.
Trog was aware of your devotion.
You visited 1 branch of the dungeon, and saw 1 of its levels.

Inventory:

Hand Weapons
 a - a +0 falchion (weapon)
 d - a +0 short sword
Armour
 b - a +0 animal skin (worn)
Scrolls
 c - a scroll of identify {unknown}


   Skills:
 + Level 3.0 Fighting
 + Level 3.3 Long Blades
 + Level 2.2 Armour
 + Level 2.2 Dodging


You couldn't memorise any spells.
You didn't know any spells.
Your spell library was empty.

Dungeon Overview and Level Annotations

Branches:
Dungeon (1/15)

Altars:


Innate Abilities, Weirdness & Mutations

You have a beak for a mouth.
You have claws for feet.


Message History

A bat is nearby!
A bat is nearby!
A bat is nearby!
A bat is nearby!
You closely miss the bat. Your kick misses the bat. The bat hits you.
You hit the bat but do no damage. The bat hits you. The bat barely misses you.
The bat closely misses you.
You closely miss the bat. Your peck misses the bat.
The bat hits you but does no damage. The bat barely misses you.
The bat misses you. The bat hits you but does no damage.
The bat barely misses you. The bat hits you but does no damage.
The bat barely misses you. The bat hits you.
You barely miss the bat. The bat barely misses you. The bat closely misses you.
The bat barely misses you. The bat completely misses you.
The bat closely misses you.
You closely miss the bat. The bat completely misses you.
The bat hits you but does no damage. The bat hits you.
* * * LOW HITPOINT WARNING * * *
The bat hits you but does no damage. The bat hits you.
* * * LOW HITPOINT WARNING * * *
The bat hits you.
* * * LOW HITPOINT WARNING * * *
The bat closely misses you. The bat barely misses you. The bat hits you.
* * * LOW HITPOINT WARNING * * *
The bat barely misses you.
You miss the bat. Your peck misses the bat. The bat barely misses you. x2
The bat barely misses you. The bat hits you but does no damage. x2
The bat closely misses you. The bat hits you.
* * * LOW HITPOINT WARNING * * *
The bat misses you. The bat hits you.
You die...

#......####
##...###
##.## #.#
#.# ##'##
##...##
##.....##
##..)@...##
#.$..b....#
+.........+
#.........#
##.......##
##.....##
##...##
##+##


You could see a bat.

Vanquished Creatures
  2 kobolds (D:1)
2 creatures vanquished.

Notes
Turn   | Place    | Note
-------+----------+-------------------------------------------
     0 | D:1      | parzival7114810 the Tengu Berserker began the quest for the
                  | Orb.
     0 | D:1      | Reached XP level 1. HP: 14/14 MP: 2/2
   402 | D:1      | Slain by a bat

Illustrated notes

Levels and vault maps discovered:
D:1:      dpeg_arrival_tiny_h, layout_loops_corners,
          nicolae_ecumenical_snake_handling

Action                   || total
-------------------------++-------
Melee: Falchion          ||    12
       Kick              ||     1
Armor: Animal skin       ||    11
Dodge: Dodged            ||    27

Table legend: (Time is in decaauts)
 A = Elapsed time spent in this place.
 B = Non-inter-level travel time spent in this place.
 C = Inter-level travel time spent in this place.
 D = Time resting spent in this place.
 E = Time spent auto-exploring this place.
 F = Levels seen in this place.
 G = Mean time per level.
                   A        B        C        D        E       F      G
               +--------+--------+--------+--------+--------+-----+--------+
         Total |    403 |    403 |      0 |    261 |      0 |   1 |  403.0 |
       Dungeon |    403 |    403 |      0 |    261 |      0 |   1 |  403.0 |
               +--------+--------+--------+--------+--------+-----+--------+

Top non-repeatable levels by time:
     D:1: 403 daAuts
